Cogmind - Beta 11.1 @@@ ROGUE MODE // 2022.05.13 @ 22:47:37 Player: Olga Result: Self-destructed Performance ------------- Evolutions (3) 1500 Regions Visited (4) 800 Robots Destroyed (0) 0 Value Destroyed (0) 0 Prototype IDs (0) 0 Alien Tech Used (0) 0 Bonus (834) 834 TOTAL SCORE: 3134 Bonus ------- Pacifist 834 Cogmind --------- Core Integrity 700/700 Matter 290/300 Energy 100/100 System Corruption 0% Temperature Cool (0) Movement Core (50) Location -7/Factory Parts ------- > --- POWER (1) -------- (None) > --- PROPULSION (4) --- (None) > --- UTILITY (6) ------ (None) > --- WEAPON (2) ------- Katana > --- INVENTORY (5) ---- Light Treads Light Treads Compact Wheel Assault Rifle Rocket Launcher Peak State ------------ > --- POWER ------------ (None) > --- PROPULSION ------- (None) > --- UTILITY ---------- (None) > --- WEAPON ----------- Katana > --- INVENTORY -------- Light Treads Light Treads Compact Wheel Assault Rifle Rocket Launcher [Rating: 3] Favorites ----------- Power None Propulsion None Utility None Weapon Katana Slashing Weapon Katana Build | -11 -10 -9 -8 -7 ------- Run | Scr Mat Mat Mat Fac Slots Evolved 6 | . . 2 2 2 Power . | . . . . . Propulsion 2 | . . 2 . . Utility 4 | . . . 2 2 Weapon . | . . . . . Parts Attached 1 | . . . 1 . Power . | . . . . . Engine . | . . . . . Core . | . . . . . Reactor . | . . . . . Propulsion . | . . . . . Treads . | . . . . . Leg . | . . . . . Wheel . | . . . . . Hover . | . . . . . Flight . | . . . . . Utility . | . . . . . Device . | . . . . . Storage . | . . . . . Processor . | . . . . . Hackware . | . . . . . Protection . | . . . . . Artifact . | . . . . . Weapon 1 | . . . 1 . Energy Gun . | . . . . . Energy Cannon . | . . . . . Ballistic Gun . | . . . . . Ballistic Cannon . | . . . . . Launcher . | . . . . . Special Weapon . | . . . . . Impact Weapon . | . . . . . Slashing Weapon 1 | . . . 1 . Piercing Weapon . | . . . . . Special Melee Weapon . | . . . . . Unidentified Prototypes . | . . . . . Parts Lost . | . . . . . Power . | . . . . . Propulsion . | . . . . . Utility . | . . . . . Weapon . | . . . . . Highest Loss Streak . | . . . . . To Critical Strikes . | . . . . . Average Slot Usage (%) 2 | . . . 3 7 Slashing Weapon 2 | . . . 3 7 Naked Turns 113 | . 30 54 29 . Heaviest Build 12 | 12 . . 2 2 Greatest Support 20 | 20 3 3 3 3 Greatest Overweight (x) . | . . . . . Average Overweight (x) . | . . . . . Largest Inventory Capacity 5 | . 5 5 5 5 Average Capacity 5 | . 5 5 5 5 Most Carried 5 | . 5 5 5 5 Average Carried 4 | . 5 4 5 5 Final Capacity 8 | 8 5 5 5 5 Final Carried 6 | 6 5 5 5 5 Class Distribution -------------------- 100% | Mutant Dominant Class ---------------- Mutant | -10/Materials Mutant | -9/Materials Mutant | -8/Materials Mutant | -7/Factory Resources | -11 -10 -9 -8 -7 ----------- Run | Scr Mat Mat Mat Fac Matter Collected 200 | 200 . . . . Remotely . | . . . . . Salvage Created . | . . . . . Parts . | . . . . . Haulers Intercepted . | . . . . . Recyclers Shooed . | . . . . . Parts Field Recycled . | . . . . . Retrieved Matter . | . . . . . Parts Self-Destructed . | . . . . . Prevented . | . . . . . Kills | -11 -10 -9 -8 -7 ------- Run | Scr Mat Mat Mat Fac Combat Hostiles Destroyed . | . . . . . Classes Destroyed . | . . . . . Best Kill Streak . | . . . . . Combat Bots Only . | . . . . . Max Kills in Single Turn . | . . . . . Gunslinging . | . . . . . Exploded . | . . . . . Melee . | . . . . . Uniques/NPCs Destroyed . | . . . . . Combat | -11 -10 -9 -8 -7 -------- Run | Scr Mat Mat Mat Fac Damage Taken 257 | . . 257 . . Core 257 | . . 257 . . Absorbed by Shields . | . . . . . Core Remaining (%) 83 | 100 100 35 100 . Volleys Fired . | . . . . . Largest . | . . . . . Hottest . | . . . . . Shots Fired . | . . . . . Gun . | . . . . . Cannon . | . . . . . Launcher . | . . . . . Special . | . . . . . Kinetic . | . . . . . Thermal . | . . . . . Explosive . | . . . . . Electromagnetic . | . . . . . Robot Hit Streak . | . . . . . Robot Miss Streak . | . . . . . Penetration Max . | . . . . . Secondary Targets . | . . . . . Shots Hit Robots . | . . . . . Core Hits 1 | . . 1 . . Critical Kills . | . . . . . Critical Parts Destroyed . | . . . . . Critical Strikes . | . . . . . Melee Attacks . | . . . . . Impact . | . . . . . Slashing . | . . . . . Piercing . | . . . . . Sneak Attacks . | . . . . . Combat Hostiles . | . . . . . Follow-up Attacks . | . . . . . Damage Inflicted 12 | . . 12 . . Guns . | . . . . . Cannons . | . . . . . Explosions . | . . . . . Melee . | . . . . . Ramming 12 | . . 12 . . Kinetic . | . . . . . Thermal . | . . . . . Explosive . | . . . . . Electromagnetic . | . . . . . Impact . | . . . . . Slashing . | . . . . . Piercing . | . . . . . Highest Corruption 1 | . . 1 . . Average Corruption 1 | . . 1 . . Corruption Purged . | . . . . . Corruption Blocked . | . . . . . Overload Shots . | . . . . . Overflow Damage . | . . . . . Projectiles . | . . . . . Explosions . | . . . . . Melee . | . . . . . Knockbacks . | . . . . . Impact . | . . . . . Kinetic . | . . . . . Secondary . | . . . . . Self-Inflicted Damage 6 | . . 6 . . Shots . | . . . . . Rammed 5 | . . 5 . . Targets Rammed 5 | . . 5 . . Kicked . | . . . . . Crushed . | . . . . . Highest Temperature . | . . . . . Average Temperature . | . . . . . Received Heat Transfer 39 | . . 39 . . Siege Activations . | . . . . . Robots Corrupted . | . . . . . Combat Hostiles . | . . . . . Parts Fried . | . . . . . Impact Corruptions . | . . . . . Robots Melted . | . . . . . Combat Hostiles . | . . . . . Parts Melted . | . . . . . Heat Transferred . | . . . . . Parts Sabotaged . | . . . . . Parts Stolen . | . . . . . Parts Stripped . | . . . . . Power Chain Reactions . | . . . . . Missiles Intercepted . | . . . . . Alert | -11 -10 -9 -8 -7 ------- Run | Scr Mat Mat Mat Fac Peak Influence 93 | . 45 93 39 32 Initial 39 | . . 18 39 17 Average 38 | . 19 55 39 25 Maximum Alert Level . | . . . . . Low Security (%) 100 | . 100 100 100 100 Level 1 . | . . . . . Level 2 . | . . . . . Level 3 . | . . . . . Level 4 . | . . . . . Level 5 . | . . . . . High Security . | . . . . . Max Security . | . . . . . Squads Dispatched 2 | . 1 . 1 . Investigation . | . . . . . Extermination . | . . . . . Reinforcement 2 | . 1 . 1 . Assault . | . . . . . Garrison . | . . . . . Intercept . | . . . . . Searches Triggered . | . . . . . Construction Impeded . | . . . . . Haulers Reinforced . | . . . . . Active Scanning Responses . | . . . . . Cargo Convoy Interrupts . | . . . . . Stealth | -11 -10 -9 -8 -7 --------- Run | Scr Mat Mat Mat Fac Distress Signals 1 | . . 1 . . Communications Jammed . | . . . . . Distress Signals . | . . . . . Times Spotted 17 | . 2 10 2 3 Peak Tracking Total 8 | . 1 8 2 3 Tactical Retreats 1 | . . 1 . . Traps | -11 -10 -9 -8 -7 ------- Run | Scr Mat Mat Mat Fac Traps Triggered . | . . . . . Indirectly . | . . . . . Trap Hack Attempts . | . . . . . Triggered . | . . . . . Disarmed . | . . . . . Reprogrammed . | . . . . . Reused . | . . . . . Traps Extracted . | . . . . . Installed . | . . . . . Triggered . | . . . . . Machines | -11 -10 -9 -8 -7 ---------- Run | Scr Mat Mat Mat Fac Machines Disabled . | . . . . . Max in Single Turn . | . . . . . Machines Sabotaged . | . . . . . Garrisons Compromised . | . . . . . Overloaded Fab Kills . | . . . . . Hacking | -11 -10 -9 -8 -7 --------- Run | Scr Mat Mat Mat Fac Machines Accessed 2 | . . 1 1 . Terminals 2 | . . 1 1 . Fabricators . | . . . . . Repair Stations . | . . . . . Recycling Units . | . . . . . Scanalyzers . | . . . . . Garrison Access . | . . . . . Total Hacks 3 | . . 2 1 . Successful . | . . . . . Failed 3 | . . 2 1 . Catastrophic . | . . . . . Database Lockouts . | . . . . . Manual 3 | . . 2 1 . Terminals 3 | . . 2 1 . Fabricators . | . . . . . Repair Stations . | . . . . . Recycling Units . | . . . . . Scanalyzers . | . . . . . Garrison Access . | . . . . . Terminal Hacks . | . . . . . Fabricator Hacks . | . . . . . Repair Station Hacks . | . . . . . Recycling Unit Hacks . | . . . . . Scanalyzer . | . . . . . Garrison Access Hacks . | . . . . . Unauthorized Hacks . | . . . . . Terminals . | . . . . . Fabricators . | . . . . . Repair Stations . | . . . . . Recycling Units . | . . . . . Scanalyzers . | . . . . . Garrison Access . | . . . . . Data Cores Recovered . | . . . . . Used . | . . . . . Hacking Detections 2 | . . 1 1 . Full Trace Events . | . . . . . Feedback Events . | . . . . . Feedback Blocked . | . . . . . Robot Schematics Acquired . | . . . . . Robots Built . | . . . . . Authchips . | . . . . . Time . | . . . . . Total Robot Build Rating . | . . . . . Part Schematics Acquired . | . . . . . Parts Built . | . . . . . Authchips . | . . . . . Time . | . . . . . Total Part Build Rating . | . . . . . Parts Repaired . | . . . . . Time . | . . . . . Parts Recycled . | . . . . . Recycled Matter . | . . . . . Retrieved Matter . | . . . . . Retrieved Components . | . . . . . Parts Scanalyzed . | . . . . . Part Schematics Acquired . | . . . . . Parts Damaged . | . . . . . Bothacking | -11 -10 -9 -8 -7 ------------ Run | Scr Mat Mat Mat Fac Used RIF Installer . | . . . . . Robots Hacked . | . . . . . Non-combat . | . . . . . Combat . | . . . . . Robot Hacks Applied . | . . . . . Relay Couplers Released . | . . . . . Fabnet Peak Effective % . | . . . . . Robots Rewired . | . . . . . Allies Hacked . | . . . . . Hacks Repelled . | . . . . . Allies | -11 -10 -9 -8 -7 -------- Run | Scr Mat Mat Mat Fac Total Allies . | . . . . . Largest Group . | . . . . . Highest-Rated Group . | . . . . . Highest-Rated Ally . | . . . . . Total Orders . | . . . . . Ally Attacks . | . . . . . Total Damage . | . . . . . Kills . | . . . . . Allies Corrupted . | . . . . . Allies Melted . | . . . . . Intel | -11 -10 -9 -8 -7 ------- Run | Scr Mat Mat Mat Fac Robot Analysis Total . | . . . . . Derelict Logs Recovered . | . . . . . Drone Launches . | . . . . . Drone Recoveries . | . . . . . Exploration | -11 -10 -9 -8 -7 ------------- Run | Scr Mat Mat Mat Fac Turns Passed 160 | . 30 54 48 28 Spaces Moved 301 | 1 60 94 92 54 Core 300 | . 60 94 92 54 Treads . | . . . . . Legs 1 | 1 . . . . Wheels . | . . . . . Hover . | . . . . . Flight . | . . . . . Fastest Speed 50 | 120 50 50 50 50 Average Speed 50 | 120 50 50 50 50 Slowest Speed 120 | 120 50 50 50 50 Overloaded Moves . | . . . . . Propulsion Burnouts . | . . . . . Robots Hopped . | . . . . . Cave-ins Triggered . | . . . . . Exploration Rate (%) 11 | 1 17 16 20 4 Regions Visited 4 Branch Regions . Pre-discovered Areas . | . . . . . Known Exits Taken . | . . . . . Unknown Exits Taken 4 | 1 1 1 1 . Scrap Searched . | . . . . . Spaces Dug . | . . . . . Terrain Destroyed . | . . . . . Melee . | . . . . . Projectile . | . . . . . AOE . | . . . . . Terrain Rammed . | . . . . . Walls Destroyed . | . . . . . Machines Disabled . | . . . . . Actions | -11 -10 -9 -8 -7 --------- Run | Scr Mat Mat Mat Fac Total 305 | . 59 100 92 54 Wait . | . . . . . Move 297 | . 59 93 91 54 Hop . | . . . . . Pick Up 1 | . . 1 . . Fast Attach 1 | . . . 1 . Attach . | . . . . . Detach . | . . . . . Swap . | . . . . . Drop 1 | . . 1 . . Fire . | . . . . . Melee . | . . . . . Ram 5 | . . 5 . . Kick . | . . . . . Crush . | . . . . . Escape Stasis . | . . . . . Rewire . | . . . . . Trap . | . . . . . Miscellaneous . | . . . . . Route ------- -11/Scrapyard -10/Materials -9/Materials -8/Materials -7/Factory History --------- Turn | Location | Event 1 | -11/Scrapyard | Discovered new exit (range 0) 1 | -11/Scrapyard | Entered Materials 1 | -10/Materials | Released all parts (6) 29 | -10/Materials | Discovered new exit (range 5) 31 | -10/Materials | Entered another Materials area 31 | -9/Materials | Evolved 2 slots: Propulsion x2 67 | -9/Materials | Core integrity fell below 50% 78 | -9/Materials | Discovered new exit (range 10) 85 | -9/Materials | Entered another Materials area 85 | -8/Materials | Evolved 2 slots: Utility x2 126 | -8/Materials | Discovered new exit (range 14) 133 | -8/Materials | Entered Factory 133 | -7/Factory | Evolved 2 slots: Utility x2 161 | -7/Factory | Self-destructed Last Messages --------------- PARAMETERS=UTILITY+2 LOCATION=UNKNOWN GOAL=ESCAPE 00093_ K-01 Serf collects debris. 00095_ Connecting with Terminal... 00095_ Current location identified: Materials 00097_ K-01 Serf collects debris. 00114_ K-01 Serf cleans the Terminal. 00114_ Acquired Katana. 00126_ EXIT=FOUND 00126_ O-16 Technician: "IFF HANDSHAKE FAILED. SECURING TERMINAL." 00128_ O-16 Technician uses terminal to summon reinforcements. 00128_ ALERT: Hostiles spotted, dispatching reinforcements to Terminal M002. 00128_ O-16 Technician locks terminal. 00129_ K-01 Serf collects debris. PARAMETERS=UTILITY+2 LOCATION=UNKNOWN GOAL=ESCAPE 00160_ ALERT: All DSF locations entering lockdown mode. Map ----- +----------------------------------------------------+ | ?????????????????????????????????????????????????? | | ?????????????????????????????????????????????????? | | ????? ?????????????????????????????????????????? | | ????? +????????????????????????????????????????? | | ????? #????????????????????????????????????????? | | #+### ##???????????????????????????????????????? | | #???????????????????????????????????????? | | #???????????????????????????????????????? | | #???????????????????????????????????????? | | " #???????????? ??????????????????????????? | | " #???????????? ??????????????????????????? | | " #??????????? ??????????????????????????? | | ######### ?? #?????????????????????????? | | " ?? ????????? ???????????????? | | " ^ ? ?????? ????????????????? | | " """ """ ""??? ????????????????? | | """"" """"" """""? ?????????????????? | | = """"" """"" """"" ??????????????????? | | #### #??????????????????? | | ???# """ """ """ #??????????????????? | | ???# " " """"" """"" """"" #??????????????????? | | ???# "G" """"" """"" """"" #####??????????????? | | ???# " +??????????????? | | #??# #??????????????????? | | ??# #??????????????????? | | " ?# #######+#####@ #??????????????????? | | " ?# #????? ???#k #??????????????????? | | " # #????? ???# ???????????????? | | " # #???? ??# ####??????????????? | | " + #???? ??# #?????????????????? | | " # #???" """?# #?????????????????? | | " # #???" """?# #?????????????????? | | " ?# #?? """ # #?????????????????? | | " ?# #?? ] # #?????????????????? | | ??####### #??######???? #?????????????????? | | [????????# #???????????? #?????????????????? | | ?????????# #???????????? g a#?????????????????? | | ?????????? #???????????? g ?????????????????? | | ?????????? #???????????? ?????????????????? | | ?????????? #???????????? """???????????????????? | | ?????????? ????????????? ??????????????????????? | | ?????????????????????????????????????????????????? | | ?????????????????????????????????????????????????? | | ?????????????????????????????????????????????????? | | ?????????????????????????????????????????????????? | | ?????????????????????????????????????????????????? | | ?????????????????????????????????????????????????? | | ?????????????????????????????????????????????????? | | ?????????????????????????????????????????????????? | | ?????????????????????????????????????????????????? | +----------------------------------------------------+ Best States ------------- Heat Dissipation 34 Energy Generation 5 Energy Capacity 100 Matter Stores 300 Matter Capacity 300 Sight Range 16 Terrain Scan Density 10 Evasion (%) 50 Item Schematics ----------------- None Robot Schematics ------------------ None Fabricated ------------ Nothing Alien Tech Used ----------------- None Achievements -------------- None Challenges ------------ None Game ------ Seed LayeredBehemothMatrix Manual? 0 Play Time 00:03:05 Cumulative 255.2 hours Start 2022.05.13 @ 22:38:34 End 2022.05.13 @ 22:47:37 Sessions 1 Manual Loads 0 Difficulty Rogue Special Mode None Game No. 377 Rogue 374 Adventurer 0 Explorer 3 Win Type - Total 9 Types 9/0/0/0/0/0/0/0/0 Lore% 71 Gallery% 75 Achievement% 63 Wizard Run 0 Options --------- ASCII 1 Keyboard 1 Movement Vi Keybinds 0 Fullscreen 1 Font 18/SmallcapsGlow Map View 76x50 Tactical HUD 1 Map Filters NONE Filters NONE Steam 1 RUN: 42e908f7-b6e5-450e-a80e-74c16ef0b4c1